mauris, chaotic female elven Wizard --- ------------------ --- -- |.| |................|------- |.-- --.---- |.| |................|.=.|..| |..| |.....-- ----- |.| +..--+--.........|??)|..| |..--- |.-....-- --...-- |.| |..| |..-----..|..[|..|-+---+--....-----......-- |.....| |.-----..| ---|((.|..--|---|-.........|....|.........| --...-| |. .....| |((.-.............-----................| --....| ---|.. ....|---- |((.|......--+-...| ..|..|..-..........| |.....-- ..|.- -...|(((|+------..{...| |...-...|..|............-- --.....---....| +...|(((|.............| |...|...|..|-..---.......- -- ---..[.......| |...|.@.|-+-.....---|-------------.-|---- --..---..| --.---- --......|..----...--|-| |..-|-|..................- |..| .-- |.....------....----...|........| |..|..-----....--------- ---- -.....--.|.....|---...|..#.....----..|..| +....|......| --.........-...-||.....|-....{..Q..(..|..| |...[-...._.| |...............--.....--..|....#.G.(.---- -....|......| |..................-.......--...........@ .......-------- --....<......................---------......-----.. ----.....|....------.......-- ....--- --- ----.---.--- --.------ -...| --- --- --- ---- mauris the Conjurer Experience level: 5 Strength: 10 Dexterity: 11 Constitution: 16 Intelligence: 20 Wisdom: 7 Charisma: 11 Health: 21(48) Energy: 50(50) Def: 8 Gold: 83 Moves: 1105 Dungeon seed: BXRlkC3BL1tO7_OH Game ID: mauris_1429909079 Your Inventory: Coins $ - 83 gold pieces Weapons a - a blessed +1 quarterstaff (weapon in hands) Armor e - an uncursed +0 cloak of magic resistance (being worn) Scrolls i - an uncursed scroll of remove curse j - an uncursed scroll of enchant weapon q - an uncursed scroll of enchant armor x - an uncursed scroll of scare monster K - an uncursed scroll of light L - a blessed scroll of remove curse N - an uncursed scroll of teleportation Spellbooks l - a blessed spellbook of force bolt m - a blessed spellbook of magic missile n - an uncursed spellbook of charm monster u - an uncursed spellbook of healing Potions A - a potion of unholy water F - an uncursed potion of water M - an uncursed potion of polymorph Rings c - an uncursed ring of sustain ability d - an uncursed ring of invisibility Wands b - an uncursed wand of secret door detection (0:11) Tools o - an uncursed magic marker (0:90) p - an uncursed tooled horn Spells known in the end: Name Level Category Fail Memory a - force bolt 1 attack 0% 95% b - magic missile 2 attack 0% 95% c - charm monster 3 enchantment 0% 95% d - healing 1 healing 0% 96% Your skills at the end: Fighting Skills Weapon Skills quarterstaff [Skilled] Spellcasting Skills attack spells [Basic] enchantment spells [Basic] Final Attributes: You were piously aligned. You were sleep resistant. You were poison resistant. You were magic-protected. You could teleport. You were permanently polymorphed into a quantum mechanic. You could not change from your current form. You survived. Vanquished creatures: a gnome lord a floating eye 4 dwarves an iguana 2 hobbits a large kobold a green mold 21 gnomes 5 Keystone Kops a gnome zombie 4 jackals a sewer rat 2 grid bugs a lichen a kobold zombie 2 newts 49 creatures vanquished. Voluntary challenges: You used a wielded weapon 64 times, starting on turn 58. You read items or engraved 3 times, starting on turn 117. You never genocided any monsters. You never polymorphed an object. You never changed form. You used no wishes. You never split a pudding. You never wrote Elbereth's name. You never violated your personal moral code. You disabled loading bones files. Dungeon overview: The Dungeons of Doom: levels 1 to 3 Level 1 a fountain a long staircase Level 2 a potion shop Level 3 an altar to Thoth, a fountain stairs to The Gnomish Mines The Gnomish Mines: levels 4 to 7 Level 4 stairs to The Dungeons of Doom Level 5 Level 6 Level 7 <- You were here some shops, a temple to Anhur, some fountains, some trees History has recorded: On T:1 you entered the Dungeons of Doom to retrieve the Amulet of Yendor! On T:68 you reached level 2 of The Dungeons of Doom. On T:204 you reached level 3 of The Dungeons of Doom. On T:389 you advanced to experience level 2. On T:395 you advanced to experience level 3. On T:624 you reached level 1 of The Gnomish Mines. On T:666 you reached level 2 of The Gnomish Mines. On T:676 you advanced to experience level 4. On T:779 you reached level 3 of The Gnomish Mines. On T:798 you advanced to experience level 5. On T:867 you reached level 4 of The Gnomish Mines. Score breakdown: Gold: 83 ( 6545 points) Experience: 5 levels (11141 points) Exploration: 7 levels ( 14.58%) (10718 points) Discoveries: 5 items ( 1.81%) ( 4037 points) Valuables value: (no points given unless you survive) Artifact value: 0 ( 0 points) Variety of kills: 16 monsters ( 4.22%) ( 6163 points) Time penalty: 1105 turns ( 0 points) Survival: quit (score multiplied by 90%) Total score: 34743 Latest messages: To quit the game, use the 'save' command (typically on 'S'). Final status: Goodbye mauris the Wizard, quit... You quit in The Gnomish Mines on dungeon level 7 with 34743 points, and 83 pieces of gold, after 1105 moves. You were level 5 with a maximum of 35 hit points when you quit.